 Dungeon Crawl Stone Soup version 0.26-a0-665-gefeb406119 (webtiles) character file.

Game seed: 8945240430875305059

170 robertstho the Bolt Thrower (level 5, -1/32 HPs)
             Began as a Kobold Hunter on Oct 15, 2020.
             Slain by a gnoll
             ... wielding a +0 vorpal flail
              (2 damage)
             ... on level 3 of the Dungeon.
             The game lasted 00:03:15 (3142 turns).

robertstho the Bolt Thrower (Kobold Hunter)         Turns: 3142, Time: 00:03:16

Health: -1/32      AC: 11    Str: 10    XL:     5   Next: 80%
Magic:  5/5        EV:  7    Int: 12    God:
Gold:   217        SH:  0    Dex: 16    Spells: 4/4 levels left

rFire    . . .     SeeInvis .   a - +1 hand crossbow
rCold    . . .     Faith    .   (shield restricted)
rNeg     . . .     Spirit   .   B - +0 chain mail
rPois    +         Reflect  .   (no helmet)
rElec    .         Harm     .   y - +0 cloak
rCorr    .         Rampage  .   z - +0 pair of gloves
MR       .....                  A - +0 pair of boots
Stlth    +.........             l - amulet of magic regeneration
HPRegen  0.10/turn              e - ring of stealth
MPRegen  0.34/turn              g - ring of poison resistance

@: no status effects
A: small, nightstalker 3
a: no special abilities


You were on level 3 of the Dungeon.
You visited 1 branch of the dungeon, and saw 4 of its levels.

You collected 217 gold pieces.

Inventory:

Hand Weapons
 a - a +1 hand crossbow (weapon)
 b - a +0 short sword
Missiles
 d - 4 bolts (quivered)
Armour
 y - a +0 cloak (worn)
 z - a +0 pair of gloves (worn)
 A - a +0 pair of boots (worn)
 B - a +0 chain mail (worn)
Jewellery
 e - a ring of stealth (left hand)
 g - a ring of poison resistance (right hand)
 l - an amulet of magic regeneration (around neck)
 w - an uncursed ring of positive energy
Scrolls
 c - a scroll of identify
 x - a scroll of teleportation
Potions
 h - a potion of lignification
 i - a potion of degeneration {unknown}
 j - 2 potions of brilliance {unknown}
 q - a potion of stabbing {unknown}
 r - a potion of ambrosia {unknown}
 s - a potion of heal wounds {unknown}
 t - a potion of mutation {unknown}
 u - a potion of flight {unknown}


   Skills:
 * Level 3.2 Fighting
 + Level 6.5 Crossbows
 * Level 1.4 Armour
 + Level 2.5 Dodging
 * Level 3.0 Stealth


You had 4 spell levels left.
You didn't know any spells.
Your spell library was empty.

Dungeon Overview and Level Annotations

Branches:
Dungeon (4/15)
 Temple: D:4-7

Altars:
The Shining One


Innate Abilities, Weirdness & Mutations

You are small and have problems with some larger weapons.
You are completely attuned to the shadows.


Message History

The gnoll drinks a potion.
The gnoll goes berserk!
The scorpion barely misses you.
You hear a shout!
Firing (i - inventory)
d - 5 bolts (quivered)
Press: ? - help, Shift-Dir - straight line, f - scorpion
Aim: a scorpion You shoot a bolt.
The bolt hits the scorpion.
The scorpion is lightly wounded.
The scorpion stings you!
* * * LOW HITPOINT WARNING * * *
The gnoll rages. x2
The gnoll closely misses you.
There is a stone staircase leading up here.
The gnoll barely misses you.
You climb upwards.
There is a stone staircase leading down here.
The gnoll hits you with a +0 vorpal flail.
* * * LOW HITPOINT WARNING * * *
x2 The gnoll hits you with a +0 vorpal flail.
You die...

# #..................# #..... #
#.........)#.#.##### #..### #
#..........#...# #..#..
####[.........##..# #..#.#
..............##..# #..#.#
##........######..# #..#.#
.........[#......>##########..#<#
##........#)######........##..#..
###.######'#...@g...............
#.##.......#<.................
#.##.......................#.#
#.##..........#........###.#.#
#.##..........#........# #.#.#
#.##......§§§§##.#.##### #.#.#
#.##...[..§§§§##.#.# #.#.#
#.######.........#.# #.#.# #.#
#......####.# #.#..


You could see a gnoll (berserk).

Vanquished Creatures
  An orc wizard (D:4)
  2 gnolls (D:4)
  5 adders
  3 oozes
  A worm (D:3)
  2 dart slugs
  A leopard gecko (D:3)
  4 orcs (D:3)
  8 bats
  3 giant cockroaches
  6 goblins
  5 hobgoblins
  3 jackals
  A frilled lizard (D:2)
  5 kobolds
  5 rats
55 creatures vanquished.

Notes
Turn   | Place    | Note
-------+----------+-------------------------------------------
     0 | D:1      | robertstho the Kobold Hunter began the quest for the Orb.
     0 | D:1      | Reached XP level 1. HP: 12/12 MP: 1/1
    37 | D:1      | Reached skill level 5 in Crossbows
    89 | D:1      | Reached XP level 2. HP: 17/17 MP: 2/2
   123 | D:1      | Found a glowing golden altar of the Shining One.
   413 | D:1      | Reached XP level 3. HP: 22/22 MP: 3/3
  1982 | D:3      | Reached XP level 4. HP: 27/27 MP: 4/4
  2336 | D:3      | Reached skill level 6 in Crossbows
  2337 | D:3      | Reached skill level 1 in Armour
  2607 | D:3      | Reached XP level 5. HP: 32/32 MP: 5/5
  3140 | D:3      | HP: 1/32 [gnoll/+0 vorpal flail (2)]
  3142 | D:3      | Slain by a gnoll

Illustrated notes

Levels and vault maps discovered:
D:1:      roderic_dead_forest, layout_basic, serial_forest,
          infiniplex_forest_lined_ring, infiniplex_forest_clump_small,
          infiniplex_forest_lined_corner, infiniplex_forest_clump_medium,
          infiniplex_forest_end_double, infiniplex_forest_lined_ring,
          infiniplex_forest_clump_medium, infiniplex_forest_lined_room_3,
          infiniplex_forest_clump_curved, serial_bayou_pond_c, tso_metal_star
D:2:      layout_basic
D:3:      layout_basic
D:4:      layout_loops_cross, grunt_temple_overflow_diamond,
          gup_sewer_entry_bowl

Skill      XL: |  1  2  3  4  5 |
---------------+----------------+-----
Crossbows      | 5 6 |  6.5
Stealth        | 2 3 |  3.0
Armour         | 1 |  1.4
Fighting       | 3 |  3.2
Dodging        | |  2.5

Action                   |  1- 3 |  4- 6 || total
-------------------------+-------+-------++-------
Melee: Short sword       |       |    21 ||    21
 Fire: Hand crossbow     |    50 |    62 ||   112
  Use: Scroll            |       |     7 ||     7
Armor: Leather armour    |     1 |     1 ||     2
       Chain mail        |       |    21 ||    21
Dodge: Dodged            |    14 |    20 ||    34

Table legend: (Time is in decaauts)
 A = Elapsed time spent in this place.
 B = Non-inter-level travel time spent in this place.
 C = Inter-level travel time spent in this place.
 D = Time resting spent in this place.
 E = Time spent auto-exploring this place.
 F = Levels seen in this place.
 G = Mean time per level.
                   A        B        C        D        E       F      G
               +--------+--------+--------+--------+--------+-----+--------+
         Total |   3166 |   2995 |    171 |      0 |   2604 |   4 |  791.5 |
       Dungeon |   3166 |   2995 |    171 |      0 |   2604 |   4 |  791.5 |
               +--------+--------+--------+--------+--------+-----+--------+

Top non-repeatable levels by time:
     D:1: 1131 daAuts
     D:3: 1005 daAuts
     D:2: 834 daAuts
     D:4: 194 daAuts
